 Dungeon Crawl Stone Soup version 0.30.1-3-gfc49f6343a (webtiles) character file.

Game seed: 8640798776146740648

382 spardeous the Conjurer (level 6, -1/45 HPs)
             Began as a Demigod Conjurer on Aug 3, 2023.
             Slain by a scorpion (5 damage)
             ... on level 4 of the Dungeon.
             The game lasted 00:03:03 (3126 turns).

spardeous the Conjurer (Demigod Conjurer)           Turns: 3126, Time: 00:03:04

Health: -1/45      AC:  0    Str:  5 (8)  XL:     6   Next: 22%
Magic:  19/24      EV: 12    Int: 27 (28) God:
Gold:   295        SH:  0    Dex: 10 (12) Spells: 6/13 levels left

rFire   . . .        (no weapon)
rCold   . . .        (no shield)
rNeg    . . .        (no body armour)
rPois   .            (no helmet)
rElec   .            (no cloak)
rCorr   .            (no gloves)
SInv    .            (no boots)
Will    .....        g - amulet of magic regeneration
Stlth   ++           n - ring of magical power
HPRegen 0.27/turn    (no ring)
MPRegen 0.59/turn

%: no passive effects
@: no status effects
A: high MP 1, forlorn, divine attributes
a: no special abilities


You were on level 4 of the Dungeon.
You visited 1 branch of the dungeon, and saw 4 of its levels.

You collected 295 gold pieces.

Inventory:

Armour
 a - a +0 robe
 i - a +0 ring mail
Jewellery
 g - an amulet of magic regeneration (around neck)
 n - a ring of magical power (left hand)
Wands
 q - a wand of flame (30)
Scrolls
 c - a scroll of enchant weapon {unknown}
 f - 3 scrolls of magic mapping {unknown}
 h - 2 scrolls of fog {unknown}
 k - 2 scrolls of blinking {unknown}
 m - a scroll of identify {unknown}
Potions
 b - 2 potions of magic
 d - a potion of degeneration
 e - a potion of curing
 j - a potion of might {unknown}
 l - a potion of heal wounds {unknown}
 o - a potion of mutation {unknown}
 p - a potion of attraction {unknown}


   Skills:
 - Level 1.7 Dodging
 - Level 1.7 Stealth
 + Level 4.2 Spellcasting
 + Level 5.6 Conjurations


You had 6 spell levels left.
You knew the following spells:

 Your Spells              Type           Power      Damage    Failure   Level
a - Magic Dart            Conj           100%       1d8       1%          1
b - Searing Ray           Conj           72%        2d7       1%          2
c - Iskenderun's Mystic   Conj/Tloc      21%        2d6       24%         4

Your spell library contained the following spells:

 Spells                   Type           Power      Damage    Failure   Level
 Dazzling Flash           Conj/Hex       42%        N/A       8%          3
 Mephitic Cloud           Conj/Pois/Air  16%        N/A       11%         3
 Poisonous Vapours        Pois/Air       10%        N/A       12%         2
 Fulminant Prism          Conj/Hex       10%        3d8       24%         4
 Freezing Cloud           Conj/Ice/Air   8%         6-21      69%         5


Dungeon Overview and Level Annotations

Branches:
Dungeon (4/15)
 Temple: D:4-7


Innate Abilities, Weirdness & Mutations

You have an increased reservoir of magic. (+10% MP)
You shall have no god before yourself.
Your divine heritage dramatically boosts your attributes as you level up.


Message History

Press: ? - help, Shift-Dir - straight line, f - scorpion
Aim: a scorpion (100% to hit)
The magic dart hits the scorpion.
The scorpion is moderately wounded.
A scorpion is nearby!
Casting: Magic Dart (safe; 1% risk of failure)
Confirm with . or Enter, or press ? or * to list all spells.
Aiming: Magic Dart (safe; 1% risk of failure)
Press: ? - help, Shift-Dir - straight line, f/p - scorpion
Aim: a scorpion (moderately wounded, 100% to hit)
The magic dart hits the scorpion.
The scorpion is moderately wounded.
A scorpion is nearby!
Casting: Magic Dart (safe; 1% risk of failure)
Confirm with . or Enter, or press ? or * to list all spells.
Aiming: Magic Dart (safe; 1% risk of failure)
Press: ? - help, Shift-Dir - straight line, f/p - scorpion
Aim: a scorpion (moderately wounded, 100% to hit)
The magic dart hits the scorpion.
The scorpion is heavily wounded.
The scorpion barely misses you.
A scorpion is nearby!
Casting: Magic Dart (safe; 1% risk of failure)
Confirm with . or Enter, or press ? or * to list all spells.
Aiming: Magic Dart (safe; 1% risk of failure)
Press: ? - help, Shift-Dir - straight line, f/p - scorpion
Aim: a scorpion (heavily wounded, 100% to hit)
The magic dart hits the scorpion but does no damage.
The scorpion is heavily wounded.
The scorpion barely misses you.
A scorpion is nearby!
Casting: Magic Dart (safe; 1% risk of failure)
Confirm with . or Enter, or press ? or * to list all spells.
Aiming: Magic Dart (safe; 1% risk of failure)
Press: ? - help, Shift-Dir - straight line, f/p - scorpion
Aim: a scorpion (heavily wounded, 100% to hit)
The magic dart hits the scorpion.
The scorpion is almost dead.
The scorpion stings you.
You die...

...#### ##)# ####'### ...#
#......# #### #...... #.....
#### #.... ...# #.#... #..#
#####.##)#######
)†.####.....##.s@....#
#....................#
###).†...............#
...............#######
###............##....########
##............#####.#......#
#............## #.#......#
#............# #.#......#
#.........#########.#...>..#


You could see a scorpion.

Vanquished Creatures
  A water moccasin (D:4)
  A scorpion (D:4)
  2 iguanas (D:4)
  Jessica (D:2)
  Ijyb (D:4)
  Robin (D:4)
  2 adders
  2 worms
  3 dart slugs
  4 endoplasms
  4 giant cockroaches
  6 goblins
  12 hobgoblins
  6 jackals
  5 kobolds
  3 quokkas (D:1)
  2 ball pythons
  6 bats
  A frilled lizard (D:1)
  6 rats
69 creatures vanquished.

Notes
Turn   | Place    | Note
-------+----------+-------------------------------------------
     0 | D:1      | spardeous the Demigod Conjurer began the quest for the Orb.
     0 | D:1      | Reached XP level 1. HP: 14/14 MP: 5/5
   186 | D:1      | Reached XP level 2. HP: 12/20 MP: 0/7
   420 | D:1      | Reached skill level 4 in Conjurations
   459 | D:1      | You fall into a shaft and drop 1 floor!
   506 | D:2      | Reached XP level 3. HP: 22/26 MP: 2/9
   692 | D:2      | Learned a level 2 spell: Searing Ray
   927 | D:2      | Noticed Jessica
   930 | D:2      | Killed Jessica
  1277 | D:1      | Reached XP level 4. HP: 33/33 MP: 7/11
  1784 | D:1      | Learned a level 4 spell: Iskenderun's Mystic Blast
  2894 | D:4      | Reached skill level 5 in Conjurations
  2894 | D:4      | Reached XP level 5. HP: 21/38 MP: 13/13
  2966 | D:4      | Noticed Robin
  2982 | D:4      | Killed Robin
  3026 | D:4      | Noticed a water moccasin
  3047 | D:4      | Killed a water moccasin
  3048 | D:4      | Reached XP level 6. HP: 35/45 MP: 15/15
  3107 | D:4      | Noticed Ijyb
  3119 | D:4      | HP: 2/45 [Ijyb/iceblast (9)]
  3120 | D:4      | Killed Ijyb
  3126 | D:4      | Slain by a scorpion

Illustrated notes

Levels and vault maps discovered:
D:1:      minmay_arrival_checkered_box, layout_basic,
          ebering_ecumenical_altar_abandoned
D:2:      layout_rooms, minmay_gold_behind_fungi, uniq_jessica
D:3:      layout_loops_ring, lemuel_crystal_altar, hangedman_glass_teeth
D:4:      layout_basic, nicolae_goblin_pals

Skill      XL: |  1  2  3  4  5 |
---------------+----------------+-----
Spellcasting   | 2 3 4 |  4.2
Conjurations   | 4 5 |  5.6
Dodging        | |  1.7
Stealth        | |  1.7

Action                     |  1- 3 |  4- 6 || total
---------------------------+-------+-------++-------
   Cast: Magic Dart        |    78 |    74 ||   152
         Searing Ray       |     1 |     8 ||     9
    Use: Potion            |       |     2 ||     2
 Armour: Robe              |     2 |       ||     2
  Dodge: Dodged            |    16 |    12 ||    28
